 Dungeon Crawl Stone Soup version 0.19.0-19-g8c6edcc (webtiles) character file.

262711 Leibowitz the Spry (level 21, -13/140 HPs)
             Began as a Kobold Gladiator on Nov 12, 2016.
             Was the Champion of Dithmenos.
             Mangled by a skeletal warrior
             ... wielding a +0 trident
             ... led by a death knight
              (14 damage)
             ... while paralysed by a vampire knight
             ... on level 1 of the Crypt.
             The game lasted 03:36:12 (50539 turns).

Leibowitz the Spry (Kobold Gladiator)              Turns: 50539, Time: 03:36:13

Health: -13/140    AC: 17    Str: 21    XL:     21   Next: 26%
Magic:  0/31       EV:  3    Int: 11    God:    Dithmenos [******]
Gold:   3306       SH:  0    Dex: 23    Spells: 3 memorised, 28 levels left

rFire  . . .     SeeInvis +     a - +8 quick blade of Fiex {pain, Int+2}
rCold  + . .     Gourm    .     P - +2 ring mail {rPois}
rNeg   + + .     Faith    .     Q - +2 buckler {rC+}
rPois  +         Spirit   +     M - +2 helmet
rElec  .         Reflect  .     h - +1 cloak
rCorr  .         Harm     .     (no gloves)
MR     +....                    c - +2 pair of boots
Stlth  ++++++++++               m - amulet "Emocuast" {Spirit Str+4}
                                p - ring "Epra" {rN+ Stlth+}
                                q - ring of positive energy

@: paralysed, slowed, wreathed by umbra, drained
A: see invisible, carnivore 3, strong 1
a: Shadow Step, Shadow Form, Renounce Religion
}: 1/15 runes: decaying


You were on level 1 of the Crypt.
You worshipped Dithmenos.
Dithmenos was exalted by your worship.
You were full.

You visited 9 branches of the dungeon, and saw 37 of its levels.
You also visited: Labyrinth, Sewer and Wizlab.

You collected 4323 gold pieces.
You spent 1017 gold pieces at shops.

Inventory:

Hand Weapons
 a - the +8 quick blade of Fiex (weapon) {pain, Int+2}
   (You acquired it on level 9 of the Dungeon)

   In the hands of one skilled in necromantic magic, it inflicts extra damage on
   living creatures.
   It affects your intelligence (+2).
 I - a +7 quick blade
Missiles
 t - 11 poisoned tomahawks (quivered)
Armour
 c - a +2 pair of boots (worn)
 h - a +1 cloak (worn)
 M - a +2 helmet (worn)
 P - a +2 ring mail of poison resistance (worn)
 Q - a +2 buckler of cold resistance (worn)
Jewellery
 b - an uncursed ring of protection from fire
 d - an uncursed ring of flight
 m - the amulet "Emocuast" (around neck) {Spirit Str+4}
   (You acquired it on level 12 of the Dungeon)

   [amulet of guardian spirit]

   It causes incoming damage to be split between your health and magic.
   It affects your strength (+4).
 p - the ring "Epra" (right hand) {rN+ Stlth+}
   (You took it off a yaktaur on level 13 of the Dungeon)

   [ring of stealth]

   It protects you from negative energy.
   It makes you more stealthy.
 q - a ring of positive energy (left hand)
 v - an uncursed ring of protection from cold
 C - a +4 ring of strength
 G - a +5 ring of dexterity
 J - an uncursed ring of resist corrosion
Wands
 e - a wand of acid (3/15)
 f - a wand of hasting (4/9)
 x - a wand of lightning (6/15)
 F - a wand of digging (12/24)
 V - a wand of teleportation (4/9)
 X - a wand of disintegration (11/24)
 Y - a wand of iceblast (4/15)
Scrolls
 j - 5 scrolls of enchant armour
 k - 26 scrolls of identify
 n - 6 scrolls of remove curse
 o - 2 scrolls of teleportation
 s - 5 scrolls of fog
 w - 7 scrolls of fear
 y - 6 scrolls of vulnerability
 z - 8 scrolls of enchant weapon
 N - 2 scrolls of recharging
 S - 3 scrolls of silence
 U - 2 scrolls of blinking
Potions
 g - 10 potions of curing
 l - 6 potions of resistance
 u - 6 potions of agility
 A - 3 potions of lignification
 B - 5 potions of haste
 D - 7 potions of flight
 K - 2 potions of ambrosia
 L - 3 potions of cure mutation
 O - 2 potions of cancellation
 R - 2 potions of brilliance
 W - a potion of might
Comestibles
 r - a meat ration
 H - 13 beef jerkies


   Skills:
 + Level 17.8(16.5) Fighting
 - Level 16.0(14.7) Short Blades
 + Level 4.4(3.5) Throwing
 + Level 8.5(7.4) Armour
 * Level 18.7(17.3) Dodging
 - Level 17.4(16.1) Stealth
 + Level 13.4(12.2) Shields
 + Level 6.9(5.9) Spellcasting
 + Level 1.0(0.1) Hexes
 + Level 2.4(1.5) Charms
 + Level 6.1(5.1) Necromancy
 + Level 1.4(0.5) Invocations
 + Level 3.4(2.5) Evocations


You had 28 spell levels left.
You knew the following spells:

 Your Spells              Type           Power        Failure   Level  Hunger
a - Pain                  Necr           ##..         3%          1    None
b - Regeneration          Chrm/Necr      ##........   24%         3    ###....
c - Confusing Touch       Hex            #.....       30%         1    None


Dungeon Overview and Level Annotations

Branches:
Dungeon (15/15)            Temple (1/1) D:6            Lair (6/6) D:10
  Swamp (4/4) Lair:2        Snake (4/4) Lair:2        Slime (0/5) Lair:6
    Orc (2/2) D:11            Elf (2/3) Orc:2        Vaults (2/5) D:13
  Crypt (1/3) Vaults:2     Depths (0/5) D:15

Altars:
Cheibriados
Dithmenos
Elyvilon
Fedhas
Gozag
Hepliaklqana
Nemelex Xobeh
Okawaru
Qazlal
Sif Muna
Trog
Uskayaw
Vehumet
Yredelemnul
Zin
The Shining One
Beogh

Shops:
Orc:1 [   Orc:2 *=%=   Elf:2 (   Snake:2 !?

Annotations:
Elf:2 5 runed doors
Vaults:2 exclusion: orange crystal statue


Innate Abilities, Weirdness & Mutations

You are small and have problems with some larger weapons.
You are carnivorous and can eat meat at any time.
You have supernaturally acute eyesight. (SInv)
Your muscles are strong. (Str +2)


Message History

The death knight offers itself to Yredelemnul, and fills with unholy energy.
The wraith hits you but does no damage. The ghoul barely misses you.
The ghoul claws you but does no damage.
The vampire knight hits you with a long sword!
* * * LOW HITPOINT WARNING * * *
You emit a cloud of dark smoke.
The vampire knight bites you!
* * * LOW HITPOINT WARNING * * *
The skeletal warrior hits you from afar with a trident!
* * * LOW HITPOINT WARNING * * *
The death knight hits you with a great sword!!
* * * LOW HITPOINT WARNING * * *
The wraith hits you.
* * * LOW HITPOINT WARNING * * *
The wraith drains your vigour!
You feel as though you will be slow longer.
The vampire knight points at you and mumbles some strange words.
You easily resist.
The ghoul barely misses you. The ghoul claws you.
* * * LOW HITPOINT WARNING * * *
The skeletal warrior hits you from afar with a trident!
You die...

*,,* *,,,,*#.########.≈#,*,* *,,*
**,*,*#........†.≈#,,,*
*,,******,*,*##8.#########,8**
*>,,,,,,,,,,* ##........,,,**
*,******,,,** #.######..#,** *,*
*,,,* #....###..#,* *,* *,,,*
##......#..#,# *,*** *,,,*
#§§.....#..#.# *,,,*
***####@n.#...#..#.###** *,*,*
#.§VpW............,,, ***,**
#.###z..####..#.#,,.# ***8,8***
#...............#...# *,,,,,,,*
#####(######n.###...#
*,*8,8*,*****,....,,,*#..# #...#
**,**,**,,,**,.....,.,*#n.# #...#
*,,,*,,,,,,*#.........##n.###...#
*,,,,,,,,,,,z...,,...........§§..


You could see a ghoul, a death knight, a vampire knight (invisible), a skeletal
warrior and a wraith.

Vanquished Creatures
  Frederick (Vaults:2)
  the Lernaean hydra (Swamp:4)
  Asterion (Elf:1)
  Frances (Snake:1)
  A tengu reaver (D:12)
  Kirke (Snake:4)
  A thorn hunter (Swamp:4)
  2 sphinxes
  2 fire giants
  4 nagarajas
  2 vault wardens
  An orc warlord (Elf:2)
  A frost giant (D:13)
  2 ghouls (Crypt:1)
  4 ironheart preservers
  A vampire knight (Crypt:1)
  2 entropy weavers (Lair:5)
  A stone giant (Orc:2)
  Nessos (D:13)
  The ghost of Mandevil the Bludgeoner, a journeyman GrFi of the Shining One (Lair:6)
  A deep elf demonologist (Vaults:1)
  3 minotaurs
  Josephine (D:15)
  A great orb of eyes (Vaults:1)
  2 fire dragons
  4 yaktaur captains
  5 ogre magi
  Harold (Lair:4)
  9 naga warriors
  The ghost of LupusAter the Destroyer, a journeyman DECj of Sif Muna (Lair:6)
  A rakshasa (Vaults:2)
  2 vault guards (Vaults:2)
  2 ghost crabs (Swamp:4)
  20 hydras
  3 ice dragons
  A death knight (Vaults:2)
  6 centaur warriors
  8 anacondas
  7 dancing weapons
  A queen ant (Lair:5)
  8 alligators
  10 death yaks
  6 shock serpents
  10 naga sharpshooters
  A hell hog (shapeshifter) (D:12)
  12 deep elf knights
  Urug (D:11)
  3 skeletal warriors (Vaults:2)
  A shadow wraith (Vaults:2)
  A salamander mystic (Snake:4)
  An unseen horror (D:14)
  A spriggan druid (Swamp:2)
  A deep troll (D:13)
  A sea snake (Snake:3)
  A glowing orange brain (Vaults:2)
  A flayed ghost (Vaults:1)
  14 swamp dragons
  12 deep elf archers
  A naga ritualist (Snake:2)
  2 wizards
  2 shambling mangroves
  A lindwurm (D:13)
  12 orc knights
  7 harpies
  9 hill giants
  A phantasmal warrior (D:13)
  3 ironbrand convokers (Vaults:2)
  2 wolf spiders (Vaults:1)
  A wolf spider zombie (D:15)
  2 mana vipers
  8 cyclopes
  An orc sorcerer (Orc:1)
  28 ugly things
  2 manticores
  4 oklob plants (Lair:6)
  A tengu skeleton (Vaults:2)
  10 salamanders
  21 deep elf magi
  4 fire giant skeletons (Vaults:2)
  9 naga magi
  3 vault sentinels (Vaults:2)
  2 guardian serpents
  An eye of devastation (Lair:6)
  2 stone giant skeletons (Vaults:2)
  27 black mambas
  A gargoyle (D:13)
  21 spiny frogs
  A freezing wraith (Vaults:2)
  6 komodo dragons
  A rime drake (Lair:2)
  29 yaktaurs
  A yaktaur skeleton (Vaults:2)
  5 human skeletons (Vaults:2)
  A tengu conjurer (D:12)
  4 trolls
  12 two-headed ogres
  7 polar bears
  A tengu simulacrum (Vaults:2)
  4 tyrant leeches
  25 blink frogs
  14 hornets
  10 hippogriffs
  40 slime creatures
  13 bog bodies
  2 air elementals
  9 dream sheep
  4 water elementals
  A spriggan (shapeshifter) (Vaults:2)
  5 shadows
  12 wraiths
  61 yaks
  A ynoxinul (Snake:2)
  2 fire elementals (Elf:1)
  20 spriggans
  6 wyverns
  2 steam dragons
  3 basilisks
  32 vampire mosquitoes
  7 hungry ghosts
  2 hogs (Snake:4)
  5 wargs
  34 nagas
  11 swamp worms
  2 mottled dragons
  3 insubstantial wisps (Swamp:3)
  26 water moccasins
  A soldier ant (shapeshifter) (D:13)
  8 soldier ants
  A deep troll skeleton (Vaults:2)
  Duvessa (D:4)
  11 swamp drakes
  10 porcupines
  43 orc warriors
  4 black bears
  3 sky beasts
  The ghost of Vesto the Skirmisher, an amateur HOFi (D:5)
  6 ice beasts
  4 phantoms
  21 wolves
  10 boggarts
  33 ogres
  16 centaurs
  19 crocodiles
  An elf skeleton (Vaults:2)
  7 big kobolds
  22 bullfrogs
  A gnoll sergeant (D:6)
  2 earth elementals
  Dowan (D:4)
  2 wyvern skeletons
  4 scorpions
  6 killer bees
  A spriggan skeleton (Lab)
  12 wights
  5 howler monkeys
  A troll skeleton (Lab)
  A wolf zombie (Crypt:1)
  2 centaur zombies
  5 electric eels
  4 bullfrog zombies
  9 crimson imps
  9 orc priests
  4 jellies
  A bullfrog skeleton (D:13)
  5 hounds
  12 orc wizards
  Ijyb (D:3)
  8 centaur skeletons
  5 iguanas
  31 worker ants
  A killer bee zombie (D:8)
  2 hound zombies (D:8)
  2 ogre skeletons (Lab)
  A hound skeleton (D:4)
  Robin (D:3)
  18 adders
  22 gnolls
  3 river rats
  5 shadow imps
  3 oozes
  2 adder skeletons
  3 adder zombies
  4 worms
  4 dart slugs
  11 leopard geckos
  109 orcs
  13 giant cockroaches
  23 goblins
  8 hobgoblins
  18 jackals
  22 kobolds
  10 quokkas
  4 ball pythons
  9 bats
  10 frilled lizards
  2 jackal skeletons (D:4)
  4 quokka skeletons
  14 rats
  A plant (Lab)
1490 creatures vanquished.

Vanquished Creatures (others)
  A hornet (Swamp:2)
  A slime creature (Swamp:3)
  A spriggan (Swamp:2)
  A human (Snake:4)
  A swamp drake (Swamp:4)
  A bullfrog (D:15)
  12 fungi
  41 plants
59 creatures vanquished.

Grand Total: 1549 creatures vanquished

Notes
Turn   | Place    | Note
-------+----------+-------------------------------------------
     0 | D:1      | Leibowitz the Kobold Gladiator began the quest for the Orb.
     0 | D:1      | Reached XP level 1. HP: 12/12 MP: 1/1
   360 | D:1      | Reached XP level 2. HP: 17/17 MP: 2/2
   457 | D:1      | Reached skill level 4 in Dodging
   488 | D:1      | Reached XP level 3. HP: 22/22 MP: 3/3
   906 | D:2      | Reached skill level 5 in Short Blades
   906 | D:2      | Reached XP level 4. HP: 27/27 MP: 4/4
   942 | D:2      | Found a glowing golden altar of the Shining One.
  1080 | D:2      | Found a snail-covered altar of Cheibriados.
  1203 | D:2      | Noticed a moth of wrath
  1206 | D:2      | Found a bloodstained altar of Trog.
  1437 | D:2      | Reached skill level 1 in Armour
  1437 | D:2      | Reached XP level 5. HP: 31/31 MP: 5/5
  1521 | D:2      | Found a basalt altar of Yredelemnul.
  1533 | D:3      | Noticed Ijyb
  1567 | D:3      | Killed Ijyb
  1789 | D:3      | Reached XP level 6. HP: 11/36 MP: 6/6
  1945 | D:3      | Found a glowing drain.
  1949 | Sewer    | Entered a sewer
  2132 | Sewer    | Reached skill level 1 in Stealth
  2446 | Sewer    | Reached skill level 5 in Dodging
  2977 | D:3      | Reached XP level 7. HP: 30/41 MP: 7/7
  3107 | D:3      | Noticed Robin
  3130 | D:3      | Killed Robin
  3658 | D:4      | Noticed Duvessa
  3661 | D:4      | Noticed Dowan
  3684 | D:4      | Killed Duvessa
  3689 | D:4      | Killed Dowan
  4127 | D:4      | Found a sparkling altar of Nemelex Xobeh.
  4384 | D:4      | Reached XP level 8. HP: 21/46 MP: 8/8
  4656 | D:5      | Entered Level 5 of the Dungeon
  5239 | D:5      | Noticed Vesto's ghost (amateur HOFi)
  5249 | D:5      | Killed Vesto's ghost
  5484 | D:5      | Reached skill level 6 in Dodging
  5617 | D:5      | Reached skill level 10 in Short Blades
  5617 | D:5      | Reached XP level 9. HP: 51/52 MP: 9/9
  5707 | D:5      | Got an ominously black robe
  5718 | D:5      | Identified the +2 robe "Ahoc" {MR++} (You found it on level 5 of the Dungeon)
  5724 | D:5      | Found a hazy altar of Hepliaklqana.
  6013 | D:6      | Reached skill level 5 in Fighting
  6013 | D:6      | Reached skill level 5 in Stealth
  6066 | D:6      | Found an opulent altar of Gozag.
  6088 | D:6      | Found a staircase to the Ecumenical Temple.
  6197 | Temple   | Entered the Ecumenical Temple
  6315 | Temple   | Became a worshipper of Dithmenos the Shadowed
  7141 | D:6      | Reached skill level 7 in Dodging
  7284 | D:6      | Reached * piety under Dithmenos
  7382 | D:7      | Found a radiant altar of Vehumet.
  7438 | D:7      | Reached XP level 10. HP: 47/60 MP: 10/10
  8227 | D:8      | Reached skill level 8 in Dodging
  8344 | D:8      | Found a hide-covered altar of Uskayaw.
  8420 | D:8      | Reached skill level 1 in Shields
  8507 | D:8      | Reached ** piety under Dithmenos
  9057 | D:8      | Gained mutation: You have a pair of small horns on your head. [potion of mutation]
  9057 | D:8      | Gained mutation: You are partially covered in molten scales. (AC +2) [potion of mutation]
  9057 | D:8      | Gained mutation: You possess an exceptional clarity of mind. [potion of mutation]
  9276 | D:8      | Reached XP level 11. HP: 57/66 MP: 11/11
  9402 | D:8      | Noticed a three-headed hydra
  9413 | D:8      | Killed a three-headed hydra
  9621 | D:9      | Reached skill level 9 in Dodging
  9621 | D:9      | Reached skill level 10 in Stealth
  9634 | D:9      | Reached *** piety under Dithmenos
  9744 | D:9      | Identified a scroll of acquirement
  9745 | D:9      | Got a warped quick blade
  9746 | D:9      | Identified the +8 quick blade of Fiex {pain, Int+2} (You acquired it on level 9 of the Dungeon)
  9985 | D:9      | Reached **** piety under Dithmenos
 10239 | D:9      | Found an iron altar of Okawaru.
 10391 | D:10     | Entered Level 10 of the Dungeon
 10427 | D:10     | Found a staircase to the Lair.
 10831 | D:10     | Noticed a hill giant
 10846 | D:10     | Killed a hill giant
 10846 | D:10     | Reached XP level 12. HP: 74/74 MP: 12/12
 10927 | D:10     | Reached ***** piety under Dithmenos
 11887 | D:11     | Noticed Urug
 11908 | D:11     | Killed Urug
 12149 | D:11     | Lost mutation: You are partially covered in molten scales. (AC +2) [potion of cure mutation]
 12149 | D:11     | Lost mutation: You have a pair of small horns on your head. [potion of cure mutation]
 12149 | D:11     | Lost mutation: You possess an exceptional clarity of mind. [potion of cure mutation]
 12470 | D:11     | Found a staircase to the Orcish Mines.
 12993 | D:11     | Reached skill level 10 in Dodging
 13254 | Lair:1   | Entered Level 1 of the Lair of Beasts
 13330 | Lair:1   | Reached skill level 15 in Short Blades
 13502 | Lair:1   | Found a labyrinth entrance.
 13508 | Lab      | Entered a labyrinth
 14111 | Lab      | Noticed a minotaur
 14117 | Lab      | Killed a minotaur
 14117 | Lab      | Reached XP level 13. HP: 80/80 MP: 13/13
 14717 | Lair:1   | Reached skill level 1 in Evocations
 14753 | Lair:2   | Found a staircase to the Snake Pit.
 15039 | Lair:2   | Reached ****** piety under Dithmenos
 15101 | Lair:2   | Reached skill level 11 in Dodging
 15101 | Lair:2   | Reached skill level 15 in Stealth
 15562 | Lair:2   | Found a staircase to the Swamp.
 16172 | Lair:3   | Reached skill level 10 in Fighting
 16513 | Lair:3   | Gained mutation: You have supernaturally acute eyesight. (SInv) [potion of beneficial mutation]
 17507 | Lair:4   | Noticed a seven-headed hydra
 17508 | Lair:4   | Reached XP level 14. HP: 63/88 MP: 15/15
 17962 | Lair:4   | Noticed Harold
 17967 | Lair:4   | Killed Harold
 18401 | Lair:4   | Found a shadowy altar of Dithmenos.
 19509 | Lair:5   | Noticed an entropy weaver
 19511 | Lair:5   | Noticed an entropy weaver
 19739 | Orc:1    | Entered Level 1 of the Orcish Mines
 19945 | Orc:2    | Entered Level 2 of the Orcish Mines
 19988 | Orc:2    | Found a roughly hewn altar of Beogh.
 20028 | Orc:1    | Reached skill level 5 in Shields
 20138 | Orc:1    | Found Tirara's Antique Armour Emporium.
 20199 | Orc:1    | Bought a runed helmet for 231 gold pieces
 20199 | Orc:1    | Bought a runed buckler for 231 gold pieces
 20199 | Orc:1    | Bought a scorched scale mail for 198 gold pieces
 20230 | Orc:1    | Identified the cursed +0 scale mail of Paranoia {rCorr Int+4} (You bought it in a shop on level 1 of the Orcish Mines)
 20442 | Orc:2    | Found a staircase to the Elven Halls.
 20465 | Orc:2    | Noticed a stone giant
 20473 | Orc:2    | Killed a stone giant
 20811 | Orc:2    | Reached skill level 12 in Dodging
 21431 | Orc:2    | Found Gygufet's Jewellery Shoppe.
 21431 | Orc:2    | Found Hywat's Food Shop.
 21581 | Orc:2    | Bought a cursed ring of teleportation for 58 gold pieces
 21774 | Orc:2    | Found a roughly hewn altar of Beogh.
 21817 | Orc:2    | Found Ofen Aqo's Jewellery Shoppe.
 21842 | Orc:2    | Found Wuuczyto's Assorted Antiques.
 22807 | D:12     | Reached XP level 15. HP: 96/96 MP: 16/16
 22885 | D:12     | Noticed a fire giant
 22926 | D:12     | Killed a fire giant
 23393 | D:12     | Got a shimmering bone amulet
 23394 | D:12     | Identified the amulet "Emocuast" {Spirit Str+4} (You acquired it on level 12 of the Dungeon)
 23635 | D:12     | Noticed a tengu reaver
 23642 | D:12     | Killed a tengu reaver
 23642 | D:12     | Reached skill level 5 in Armour
 23681 | D:12     | Noticed a sphinx
 23688 | D:12     | Killed a sphinx
 24703 | D:13     | Noticed Nessos
 24707 | D:13     | Killed Nessos
 24716 | D:13     | Got a crude glass ring
 24718 | D:13     | Identified the ring "Epra" {rN+ Stlth+} (You took it off a yaktaur on level 13 of the Dungeon)
 25245 | D:13     | Found a gate to the Vaults.
 25327 | D:13     | Noticed a frost giant
 26617 | D:14     | Reached XP level 16. HP: 104/104 MP: 17/17
 26637 | D:13     | Killed a frost giant
 26793 | D:14     | Reached skill level 13 in Dodging
 27823 | Lair:5   | Reached skill level 1 in Invocations
 28727 | Lair:6   | Entered Level 6 of the Lair of Beasts
 29023 | Lair:6   | Noticed Mandevil's ghost (journeyman GrFi)
 29131 | Lair:6   | Killed Mandevil's ghost
 29315 | Lair:6   | Found a staircase to the Slime Pits.
 30306 | Lair:6   | Learned a level 1 spell: Pain
 30539 | Lair:6   | Noticed LupusAter's ghost (journeyman DECj)
 30783 | Lair:6   | Killed LupusAter's ghost
 31552 | Snake:1  | Entered Level 1 of the Snake Pit
 31611 | Snake:1  | Reached skill level 1 in Spellcasting
 31827 | Snake:1  | Reached skill level 1 in Necromancy
 31880 | Snake:1  | Noticed Frances
 31891 | Snake:1  | Killed Frances
 32523 | Snake:1  | Reached XP level 17. HP: 72/112 MP: 13/20
 32930 | Swamp:1  | Entered Level 1 of the Swamp
 33642 | Swamp:1  | Noticed a thorn hunter
 33768 | Swamp:2  | Reached skill level 14 in Dodging
 34085 | Swamp:2  | Reached skill level 15 in Fighting
 35009 | Swamp:3  | Reached skill level 10 in Shields
 35533 | Swamp:4  | Entered Level 4 of the Swamp
 35759 | Swamp:4  | Reached skill level 5 in Spellcasting
 36361 | Swamp:4  | Noticed a thorn hunter
 36626 | Elf:1    | Entered Level 1 of the Elven Halls
 36733 | Elf:1    | Noticed Asterion
 36737 | Elf:1    | Killed Asterion
 36737 | Elf:1    | Reached XP level 18. HP: 119/119 MP: 21/26
 37171 | Elf:1    | Learned a level 3 spell: Regeneration
 37249 | Elf:1    | Reached skill level 5 in Necromancy
 37593 | Elf:1    | Reached skill level 1 in Charms
 37862 | Elf:2    | Found Renkest's Weapon Boutique.
 38185 | Elf:2    | Found a huge runed gate.
 38185 | Elf:2    | Found a huge runed gate.
 38185 | Elf:2    | Found a huge runed gate.
 38185 | Elf:2    | Found a huge runed gate.
 38197 | Elf:2    | Found a huge runed gate.
 38427 | Elf:2    | Found a roughly hewn altar of Beogh.
 38905 | D:15     | Entered Level 15 of the Dungeon
 38997 | D:15     | Got a twisted long sword
 38998 | D:15     | Identified the cursed +1 long sword of Tumult {slice, Str+4} (You found it on level 15 of the Dungeon)
 39300 | D:15     | Found a staircase to the Depths.
 39569 | D:15     | Noticed Josephine
 39579 | D:15     | Killed Josephine
 40291 | Snake:1  | Reached skill level 15 in Dodging
 40401 | Snake:2  | Found Xatuw's Magic Scroll Boutique.
 40516 | Snake:2  | Found Senkekk's Distillery.
 40524 | Snake:2  | Bought a potion of invisibility for 104 gold pieces
 40524 | Snake:2  | Bought a potion of heal wounds for 65 gold pieces
 40524 | Snake:2  | Bought a potion of heal wounds for 65 gold pieces
 40524 | Snake:2  | Bought a potion of heal wounds for 65 gold pieces
 41618 | Snake:2  | Reached XP level 19. HP: 125/125 MP: 23/28
 42397 | Snake:3  | Found a runed gate.
 42397 | Snake:3  | Found a runed gate.
 42397 | Snake:3  | Found a runed gate.
 42920 | Snake:4  | Entered Level 4 of the Snake Pit
 43345 | Snake:4  | Noticed Kirke
 43398 | Snake:4  | Killed Kirke
 43398 | Snake:4  | Reached skill level 16 in Dodging
 43741 | Snake:4  | Learned a level 1 spell: Confusing Touch
 44882 | Swamp:4  | Noticed the 27-headed Lernaean hydra
 45119 | Swamp:4  | Killed the 27-headed Lernaean hydra
 45138 | Swamp:4  | Got a decaying rune of Zot
 45698 | Vaults:1 | Entered Level 1 of the Vaults
 45867 | Vaults:1 | Reached skill level 17 in Dodging
 45867 | Vaults:1 | Reached XP level 20. HP: 133/133 MP: 30/30
 46002 | Vaults:1 | Reached skill level 1 in Hexes
 48129 | Vaults:2 | Reached skill level 18 in Dodging
 48427 | Vaults:2 | Noticed Frederick
 48429 | Vaults:2 | Killed Frederick
 49232 | Vaults:2 | Reached XP level 21. HP: 136/140 MP: 31/31
 49714 | Vaults:2 | Found a staircase to the Crypt.
 49726 | Crypt:1  | Entered Level 1 of the Crypt
 49871 | Crypt:1  | Found a magical portal.
 49876 | WizLab   | Entered Wucad Mu's Monastery
 50034 | WizLab   | HP: 7/140 [monstrous demonspawn[old memories] (7)]
 50045 | WizLab   | HP: 7/140 [monstrous demonspawn[old memories] (11)]
 50481 | Crypt:1  | Gained mutation: Your muscles are strong. (Str +2) [potion of beneficial mutation]
 50536 | Crypt:1  | Paralysed by a vampire knight for 6 turns
 50539 | Crypt:1  | HP: 6/140 [death knight/great sword (18)]
 50539 | Crypt:1  | HP: 1/140 [ghoul (3)]
 50539 | Crypt:1  | Mangled by a skeletal warrior

Skill      XL: |  1  2  3  4  5  6  7  8  9 10 11 12 13 14 15 16 17 18 19 20 |
---------------+-------------------------------------------------------------+-----
Dodging        | 4 5 6 7 8 9 10 11 12 13 14 15 17 18 | 18.7
Short Blades   | 5 6 7 8 10 12 13 14 15 16 | 16.0
Armour         | 1 2 4 6 7 8 |  8.5
Stealth        | 2 3 4 5 9 11 13 16 17 | 17.4
Fighting       | 3 4 5 6 8 9 10 12 13 14 15 16 17 | 17.8
Shields        | 1 2 3 4 5 7 9 10 11 12 13 | 13.4
Throwing       | 3 4 |  4.4
Evocations     | 1 2 3 |  3.4
Invocations    | 1 |  1.4
Spellcasting   | 2 5 6 |  6.9
Necromancy     | 2 4 5 6 |  6.1
Charms         | 1 2 |  2.4
Hexes          | 1 |  1.0

Action                   |  1- 3 |  4- 6 |  7- 9 | 10-12 | 13-15 | 16-18 | 19-21 || total
-------------------------+-------+-------+-------+-------+-------+-------+-------++-------
Melee: Rapier            |   115 |   245 |   438 |   568 |   333 |       |       ||  1699
       Headbutt          |       |       |       |   112 |       |       |       ||   112
       Quick blade       |       |       |       |   299 |  1356 |  2659 |  2105 ||  6419
 Fire: Blowgun           |       |       |       |     4 |       |       |       ||     4
Throw: Throwing net      |       |     1 |     2 |     4 |     6 |     4 |     3 ||    20
       Tomahawk          |       |       |       |       |    13 |     4 |       ||    17
 Cast: Pain              |       |       |       |       |       |     2 |       ||     2
       Regeneration      |       |       |       |       |       |     5 |     9 ||    14
       Confusing Touch   |       |       |       |       |       |       |     1 ||     1
Invok: Shadow Step       |       |       |       |       |     2 |     4 |     2 ||     8
Evoke: Wand              |       |     1 |       |     3 |     5 |     7 |     3 ||    19
  Use: Potion            |       |       |     1 |    15 |     5 |     4 |    18 ||    43
       Scroll            |       |       |       |    17 |     8 |     7 |     3 ||    35
 Stab: Sleeping          |       |     2 |     8 |    55 |   126 |   103 |    64 ||   358
       Held in net/web   |       |       |     2 |     1 |     6 |     5 |     1 ||    15
       Distracted        |       |       |     1 |     6 |    11 |    15 |    12 ||    45
       Confused          |       |       |       |     2 |       |     1 |       ||     3
       Paralysed         |       |       |       |       |       |     1 |     1 ||     2
       Invisible         |       |       |       |       |       |       |     1 ||     1
  Eat: Chunk             |     8 |     8 |    17 |    19 |    41 |    50 |    27 ||   170
Armor: Leather armour    |    18 |    55 |    32 |       |       |       |       ||   105
       Robe              |       |       |    14 |    37 |    10 |       |       ||    61
       Ring mail         |       |       |       |       |    53 |   150 |   165 ||   368
Dodge: Dodged            |    93 |   216 |   302 |   334 |   532 |   913 |  1185 ||  3575
Block: Buckler           |       |       |    12 |   130 |   292 |   637 |   697 ||  1768
